 Dungeon Crawl Stone Soup version 0.27-a0-607-g1ad3dbde53 (webtiles) character file.

Game seed: 13550802138240678578

2816 Gaff the Skirmisher (level 9, -7/94 HPs)
             Began as an Ogre Warper on Mar 12, 2021.
             Was an Elder of Qazlal.
             Mangled by an ogre
             ... wielding a +0 giant spiked club
              (18 damage)
             ... on level 8 of the Dungeon on Mar 13, 2021.
             The game lasted 00:43:25 (15673 turns).

Gaff the Skirmisher (Ogre Warper)                  Turns: 15673, Time: 00:43:26

Health: -7/94      AC:  4    Str: 20      XL:     9   Next: 72%
Magic:  11/18      EV: 11    Int: 14      God:    Qazlal [****..]
Gold:   293        SH: 10    Dex:  9 (14) Spells: 11/20 levels left

rFire    + . .     SeeInvis .   a - +0 mace
rCold    . . .     Faith    .   (no shield)
rNeg     . . .     Spirit   .   b - +0 robe
rPois    .         Reflect  +   (helmet restricted)
rElec    .         Harm     .   o - +0 cloak
rCorr    .         Rampage  .   (gloves unavailable)
Will     .....     NoTele   +   (boots unavailable)
Stlth    +.........             i - amulet of reflection
HPRegen  0.25/turn              A - ring of protection from fire
MPRegen  0.16/turn              D - +6 ring of dexterity

@: brilliant, immobile, very slightly contaminated, repel missiles
A: large, unfitting armour, tough skin 1
a: Renounce Religion, Upheaval, Elemental Force


You were on level 8 of the Dungeon.
You worshipped Qazlal.
Qazlal was greatly pleased with you.
You visited 2 branches of the dungeon, and saw 11 of its levels.
You also visited: Sewer.

You collected 293 gold pieces.

Inventory:

Hand Weapons
 a - a +0 mace (weapon)
 p - a +0 dagger of electrocution
 C - a +0 giant spiked club
 E - a +0 glaive
Missiles
 e - 4 boomerangs of dispersal (quivered)
 j - 197 stones
 s - 3 curare-tipped darts
 v - 20 poisoned darts
 y - 8 boomerangs
Armour
 b - a +0 robe (worn)
 o - a +0 cloak (worn)
 q - a +0 animal skin
 H - a scarf of shadows
 J - the +1 robe of Insurance {rPois Str-4 Int+2 Dex+7}
   (You found it on level 7 of the Dungeon)

   It affects your strength (-4).
   It affects your intelligence (+2).
   It affects your dexterity (+7).
   It protects you from poison.
Jewellery
 i - an amulet of reflection (around neck)
 A - a ring of protection from fire (right hand)
 D - a +6 ring of dexterity (left hand)
Wands
 G - a wand of acid (7)
 I - a wand of random effects (13)
 K - a wand of flame (9)
Scrolls
 d - 2 scrolls of blinking
 g - 3 scrolls of enchant armour
 k - 3 scrolls of immolation
 m - 2 scrolls of teleportation
 t - 7 scrolls of enchant weapon {unknown}
 u - a scroll of magic mapping
 F - 2 scrolls of amnesia {unknown}
Potions
 c - 3 potions of curing {unknown}
 f - 2 potions of berserk rage {unknown}
 h - 2 potions of haste {unknown}
 l - a potion of might {unknown}
 n - 2 potions of heal wounds {unknown}
 r - 3 potions of flight
 w - 3 potions of brilliance
 x - a potion of magic
 z - a potion of mutation {unknown}
 B - 2 potions of lignification


   Skills:
 + Level 7.6 Fighting
 + Level 5.6 Maces & Flails
 - Level 1.0 Throwing
 + Level 5.5 Dodging
 + Level 6.2 Spellcasting
 + Level 5.5 Translocations
 + Level 4.5 Invocations


You had 11 spell levels left.
You knew the following spells:

 Your Spells              Type           Power      Damage    Failure   Level
a - Blink                 Tloc           N/A        N/A       2%          2
b - Teleport Other        Tloc           29%        N/A       4%          3
c - Manifold Assault      Tloc           29%        N/A       16%         4

Your spell library contained the following spells:

 Spells                   Type           Power      Damage    Failure   Level
 Gell's Gravitas          Tloc           14%        N/A       4%          3
 Lesser Beckoning         Tloc           14%        N/A       4%          3


Dungeon Overview and Level Annotations

Branches:
Dungeon (10/15)            Temple (1/1) D:5            Lair (0/6) D:9
  Sewer (visited)
    Orc: D:9-12

Altars:
Ashenzari
Dithmenos
Fedhas
Gozag
Hepliaklqana
Kikubaaqudgha
Makhleb
Nemelex Xobeh
Okawaru
Qazlal
Ru
Sif Muna
Trog
Uskayaw
Vehumet
Wu Jian
Zin
The Shining One

Shops:
D:5 [:*=   D:6 [**   D:7 (

Annotations:
D:4 Eustachio


Innate Abilities, Weirdness & Mutations

You are too large for most types of armour.
You have tough skin. (AC +1)


Message History

You feel strangely unstable. The ice beast barely misses you.
You block the ogre's attack.
Your surroundings suddenly seem different.
You start resting.
You hear a shout! x3
An ogre is nearby!
An ogre is nearby!
An ogre is nearby!
It was a potion of brilliance.
You feel clever all of a sudden.
Casting: Blink (safe; 2% risk of failure)
Confirm with . or Enter, or press ? or * to list all spells.
You feel a surge of power!
Space momentarily warps into an impossible shape!
You closely miss the orc. You hit the ogre.
You hear a shout!
Casting: Manifold Assault (dangerous; 16% risk of failure)
Confirm with . or Enter, or press ? or * to list all spells.
You feel a surge of power!
Space momentarily warps into an impossible shape!
You barely miss the orc. You barely miss the ogre.
Casting: Manifold Assault (dangerous; 16% risk of failure)
Confirm with . or Enter, or press ? or * to list all spells.
You feel a surge of power!
Space momentarily warps into an impossible shape!
You hit the ogre but do no damage. You thump the orc!
You kill the orc!
Qazlal accepts your kill.
Casting: Manifold Assault (dangerous; 16% risk of failure)
Confirm with . or Enter, or press ? or * to list all spells.
You feel a surge of power!
You miscast Manifold Assault.
You are very lightly contaminated with residual magic.
Space warps crazily around you.
You are magically locked in place.
You closely miss the ogre.
The ogre is moderately wounded.
The ogre barely misses you.
You hit the ogre.
The ogre is moderately wounded.
The ogre hits you with a +0 giant spiked club!!
You die...

###### ### #....#
#@# #####O...# #O#
#Kzz.Y...# #.#
#.##.....# #.#
####.##.o......#.)
zz.Kz##.....##.##z
#######K...^# # z
.. ......... .. ..
...........


You could see an ogre and 2 wights.

Vanquished Creatures
  2 yaks (D:10)
  2 ice beasts
  A black bear (D:6)
  A sky beast (D:5)
  5 ogres
  5 kobold brigands (Sewer)
  A bullfrog (D:10)
  A wyvern zombie (D:9)
  A wyvern skeleton (D:6)
  3 scorpions
  A wight (D:8)
  A howler monkey (D:5)
  A bullfrog zombie (D:6)
  A centaur zombie (D:9)
  3 hounds
  A quasit (D:5)
  A centaur skeleton (D:6)
  5 orc priests
  A bullfrog skeleton (D:7)
  2 iguanas (D:9)
  3 orc wizards
  3 worker ants
  A hound skeleton (D:7)
  Robin (D:2)
  10 adders
  3 river rats (Sewer)
  A shadow imp (D:5)
  3 white imps
  An ufetubus (D:5)
  7 oozes
  2 adder skeletons
  3 adder zombies
  8 worms
  2 dart slugs
  7 leopard geckos
  28 orcs
  6 ball pythons
  3 giant cockroaches
  6 hobgoblins
  8 jackals
  4 quokkas
  8 bats
  3 frilled lizards
  20 goblins
  15 kobolds
  2 quokka skeletons
  12 rats
209 creatures vanquished.

Vanquished Creatures (others)
  8 plants (D:2)
8 creatures vanquished.

Grand Total: 217 creatures vanquished

Notes
Turn   | Place    | Note
-------+----------+-------------------------------------------
     0 | D:1      | Gaff the Ogre Warper began the quest for the Orb.
     0 | D:1      | Reached XP level 1. HP: 22/22 MP: 3/3
   101 | D:1      | Reached XP level 2. HP: 10/29 MP: 3/5
   330 | D:1      | Reached skill level 3 in Fighting
   817 | D:1      | Reached XP level 3. HP: 26/37 MP: 6/6
  1504 | D:2      | HP: 1/37 [poisoned by an adder]
  1875 | D:2      | Noticed a scorpion
  1954 | D:1      | Reached XP level 4. HP: 28/45 MP: 7/7
  2120 | D:1      | Learned a level 2 spell: Blink
  2791 | D:2      | Found a faded altar of an unknown god.
  2796 | D:2      | Became a worshipper of Qazlal Stormbringer
  2796 | D:2      | Reached * piety under Qazlal
  3130 | D:2      | Reached XP level 5. HP: 47/54 MP: 9/9
  3204 | D:2      | Learned a level 3 spell: Teleport Other
  3548 | D:2      | Found a radiant altar of Vehumet.
  3685 | D:2      | Noticed Robin
  3712 | D:2      | Killed Robin
  3964 | D:2      | Reached skill level 4 in Fighting
  4242 | D:2      | Reached ** piety under Qazlal
  4300 | D:3      | Found a burning altar of Makhleb.
  4308 | D:3      | Found a hide-covered altar of Uskayaw.
  4309 | D:3      | Noticed a +0 hand axe
  4309 | D:3      | Noticed a +0 hand axe
  4477 | D:3      | Reached XP level 6. HP: 41/62 MP: 10/10
  4850 | D:3      | Found a glowing drain.
  4871 | Sewer    | Entered a sewer
  6524 | Sewer    | Reached XP level 7. HP: 37/71 MP: 12/12
  6722 | Sewer    | Reached skill level 5 in Fighting
  7816 | D:3      | Found a glowing golden altar of the Shining One.
  7818 | D:3      | Found a blossoming altar of Fedhas.
  7904 | D:3      | Found a sacrificial altar of Ru.
  7924 | D:3      | Reached *** piety under Qazlal
  8201 | D:3      | Learned a level 4 spell: Manifold Assault
  8225 | D:4      | Noticed Eustachio
  8696 | D:4      | Reached skill level 1 in Invocations
  8891 | D:5      | Entered Level 5 of the Dungeon
  8985 | D:5      | Reached XP level 8. HP: 68/81 MP: 14/14
  9053 | D:5      | Found a stormy altar of Qazlal.
  9064 | D:5      | Found Keunuixi's Assorted Antiques.
  9370 | D:5      | Reached skill level 6 in Fighting
  9609 | D:5      | Found Wimooxt's Jewellery Boutique.
  9705 | D:5      | Found Kevioqoulo's Book Emporium.
  9757 | D:5      | Found Pumezuun's Distillery.
  9905 | D:5      | Found Xumasu's Antique Armour Emporium.
 10077 | D:5      | Reached skill level 5 in Spellcasting
 10558 | D:5      | Found a staircase to the Ecumenical Temple.
 10589 | Temple   | Entered the Ecumenical Temple
 11721 | D:6      | Found Tanappaf's General Store.
 12414 | D:6      | Found Cuiloit's Assorted Antiques.
 12475 | D:6      | Reached XP level 9. HP: 56/92 MP: 14/17
 12533 | D:6      | Reached skill level 5 in Dodging
 12533 | D:6      | Reached skill level 5 in Translocations
 12618 | D:6      | Reached skill level 5 in Maces & Flails
 13004 | D:6      | Found Hetenoah's Antique Armour Emporium.
 14076 | D:6      | Reached skill level 7 in Fighting
 14599 | D:7      | Found Toiff's Antique Weapon Shop.
 14645 | D:7      | Identified the +1 robe of Insurance {rPois Str-4 Int+2
                  | Dex+7}
 14702 | D:7      | You fall into a shaft and drop 3 floors!
 14702 | D:10     | Entered Level 10 of the Dungeon
 14755 | D:9      | Found a shimmering blue altar of Sif Muna.
 15328 | D:9      | Noticed a troll
 15370 | D:9      | Reached **** piety under Qazlal
 15499 | D:9      | Noticed a two-headed ogre
 15644 | D:8      | HP: 4/94 [ogre/+0 giant spiked club (27)]
 15673 | D:8      | Mangled by an ogre

Illustrated notes

Levels and vault maps discovered:
D:1:      dpeg_arrival_stonehenge_12_columns, layout_basic
D:2:      layout_basic, old_standard_altar, chequers_ecumenical_altar_lobes,
          guppyfry_early_orc_mine, uniq_robin
D:3:      layout_basic, dancing_weapons_uskayaw,
          nicolae_ru_great_annihilating_truth, grunt_temple_overflow_open,
          cheibrodos_sewer_entry_bend
D:4:      layout_loops_ring, xom_redecorated, kennysheep_slug_shrine,
          uniq_natasha, uniq_eustachio
D:5:      layout_rooms, old_standard_altar, minmay_temple_entry_nine_rooms,
          serial_shops, nicolae_shop_waterfront, nicolae_shop_behind_doors,
          nicolae_shop_waterfront, nicolae_shop_temple_entry_statues_fountains,
          shop
D:6:      cheibrodos_helix_gallery, layout_rooms, serial_shops, shop, shop,
          nicolae_shop_trees
D:7:      layout_loops_ring, serial_shops, shop, minmay_misc_feat_diagonals
D:8:      layout_basic, kennysheep_mini, old_standard_altar, st_stairs_8,
          uniq_pikel
D:9:      layout_basic, tgw_sif, erik_lair_dragon, grunt_ministairs_2,
          hangedman_abyss_or_decor_clamps, uniq_grum
D:10:     layout_irregular_city
Temple:   eino_temple_lava

Skill      XL: |  1  2  3  4  5  6  7  8  9 |
---------------+----------------------------+-----
Maces & Flails | 2 3 4 5 |  5.6
Fighting       | 3 4 5 6 7 |  7.6
Translocations | 3 4 5 |  5.5
Dodging        | 3 4 5 |  5.5
Spellcasting   | 3 4 5 6 |  6.2
Invocations    | 1 3 4 |  4.5
Throwing       | |  1.0

Action                   |  1- 3 |  4- 6 |  7- 9 || total
-------------------------+-------+-------+-------++-------
Melee: Mace              |   142 |   316 |   646 ||  1104
Throw: Boomerang         |       |       |     1 ||     1
 Cast: Teleport Other    |       |     6 |    14 ||    20
       Blink             |       |     1 |     6 ||     7
       Manifold Assault  |       |       |    22 ||    22
  Use: Scroll            |       |     1 |    11 ||    12
       Potion            |       |       |     1 ||     1
 Stab: Paralysed         |       |       |     1 ||     1
Armor: Robe              |    60 |    49 |   196 ||   305
Dodge: Dodged            |    95 |   117 |   377 ||   589
Block: Other             |       |    21 |   154 ||   175
       Reflection        |       |       |     2 ||     2

Table legend: (Time is in decaauts)
 A = Elapsed time spent in this place.
 B = Non-inter-level travel time spent in this place.
 C = Inter-level travel time spent in this place.
 D = Time resting spent in this place.
 E = Time spent auto-exploring this place.
 F = Levels seen in this place.
 G = Mean time per level.
                   A        B        C        D        E       F      G
               +--------+--------+--------+--------+--------+-----+--------+
         Total |  16178 |  15964 |    214 |   8451 |   3097 |  12 | 1348.2 |
       Dungeon |  13283 |  13069 |    214 |   6808 |   2758 |  10 | 1328.3 |
        Temple |     84 |     84 |      0 |      0 |     72 |   1 |   84.0 |
         Sewer |   2811 |   2811 |      0 |   1643 |    266 |   1 | 2811.0 |
               +--------+--------+--------+--------+--------+-----+--------+

Top non-repeatable levels by time:
     D:5: 3755 daAuts
     D:2: 2851 daAuts
   Sewer: 2811 daAuts
     D:1: 1995 daAuts
     D:6: 1637 daAuts
     D:3: 1400 daAuts
     D:9: 825 daAuts
     D:4: 332 daAuts
     D:7: 328 daAuts
     D:8: 102 daAuts
  Temple: 84 daAuts
    D:10: 52 daAuts
